[Event "Early-Titled-Tuesday-Blitz-March-26-2024"]
[Site "Chess.com"]
[Date "2024.03.26"]
[Round "2"]
[White "Aural1011"]
[Black "LuisIbarraCh"]
[Result "0-1"]
[WhiteElo "1757"]
[BlackElo "2451"]
[TimeControl "180+1"]
[EndTime "8:17:47 PDT"]
[Termination "LuisIbarraCh won on time"]

1. d4 d5 2. c4 e6 3. Nc3 a6 4.
cxd5 exd5 5. Nf3 Nf6 6. Bg5 Be6 7. e3 Nbd7 8. Bd3 Bd6 9. O-O c6 10. Re1 O-O 11. e4 dxe4 12. Nxe4 Be7 13. Qc2 h6 14.
Bh4 Nxe4 15. Bxe7 Qxe7 16. Bxe4 Qd6 17. h3 Nf6 18. Bf5 Rfe8 19. Bxe6 Rxe6 20. Rxe6 Qxe6 21. b3 Rd8 22. Re1 Qd7 23. Qc5 Nd5 24. Ne5 Qf5 25. Qa7 f6 26. Nc4 Nf4 27. Qxb7 Qg5 28. Qxc6 Nxh3+ 29. Kf1 Nf4 30. Re8+ Rxe8 31. Qxe8+ Kh7 32.
Qe4+ f5 33. Qf3 Ne6 34. Ne3 Nxd4 35. Qd5 Qf6 36. g3 h5 37. Kg2 h4 38. b4 hxg3 39. fxg3 g6 40. a4 Ne6 41. b5 axb5 42. axb5 Ng5 0-1

[Event "Early-Titled-Tuesday-Blitz-March-26-2024"]
[Site "Chess.com"]
[Date "2024.03.26"]
[Round "2"]
[White "WiktoriaPOL"]
[Black "AccioChess"]
[Result "0-1"]
[WhiteElo "2272"]
[BlackElo "2513"]
[TimeControl "180+1"]
[EndTime "8:17:49 PDT"]
[Termination "AccioChess won by checkmate"]

1. c4 e5 2. Nc3 Nf6 3. Nf3 Nc6 4.
e4 Bb4 5. d3 O-O 6. a3 Bxc3+ 7.
bxc3 d6 8. g3 Bg4 9. Bg2 Nd7 10.
h3 Bh5 11. O-O Qe7 12. Re1 Nd8 13. d4 Ne6 14. Be3 b6 15. Qd3 c5 16. Rad1 cxd4 17. cxd4 exd4 18. Bxd4 Bxf3 19. Bxf3 Ne5 20. Bxe5 dxe5 21.
Qd7 Qxa3 22. Bg4 Nd4 23. Ra1 Qc3 24. Rac1 Qb4 25. Qc7 g6 26. Qxe5 Qc5 27. Qf4 h5 28.
Bf3 a5 29. Bg2 a4 30. e5 Ra7 31. Bd5 a3 32. Qe3 a2 33. Rcd1 Nc2 34. Qd3 Qxd5 35.
Qxd5 Nxe1 36. Rxe1 a1=Q 37. Rxa1 Rxa1+ 38. Kg2 Re8 39. c5 bxc5 40. Qxc5 Ra2 41. Kg1 Re2 42. f4 Rd8 43. Qb6 Rd1# 0-1

[Event "Early-Titled-Tuesday-Blitz-March-26-2024"]
[Site "Chess.com"]
[Date "2024.03.26"]
[Round "2"]
[White "MaxLeto"]
[Black "Saraisitave"]
[Result "0-1"]
[WhiteElo "2485"]
[BlackElo "2259"]
[TimeControl "180+1"]
[EndTime "8:17:49 PDT"]
[Termination "Saraisitave won on time"]

1. g4 d5 2. Bg2 Bxg4 3. c4 e6 4. Qb3 Nd7 5. cxd5 Nc5 6. Qb5+ Qd7 7. Qxd7+ Kxd7 8. d4 Na4 9. h3 Bf5 10. dxe6+ Bxe6 11.
b3 Bb4+ 12. Bd2 Bxd2+ 13. Nxd2 Nb6 14. Bxb7 Rb8 15. Bg2 Nf6 16. Ngf3 Bd5 17. Ne5+ Ke6 18. e4 Ba8 19. f4 Rhd8 20. d5+ Ke7 21. Rc1 Rbc8 22.
Ke2 Nh5 23. Ke3 f5 24. Nc6+ Bxc6 25. dxc6 Ng3 26. e5 Nxh1 27. Bxh1 Nd5+ 28. Bxd5 Rxd5 29.
Nf3 Rcd8 30. Rc3 Rd1 31. a4 h6 32. b4 Rh1 33. h4 Rdd1 34. a5 Rh3 35. b5 Re1+ 0-1

[Event "Early-Titled-Tuesday-Blitz-March-26-2024"]
[Site "Chess.com"]
[Date "2024.03.26"]
[Round "2"]
[White "NewYearGirl"]
[Black "PavelShkapenko"]
[Result "1-0"]
[WhiteElo "2442"]
[BlackElo "2763"]
[TimeControl "180+1"]
[EndTime "8:17:50 PDT"]
[Termination "NewYearGirl won by resignation"]

1. e4 e5 2. Nf3 Nc6 3. Bc4 d6 4. d4 Nf6 5. dxe5 dxe5 6. Qxd8+ Nxd8 7. Nc3 Bb4 8. Bd2 Nc6 9. Nd5 Nxd5 10. exd5 Bxd2+ 11. Kxd2 Ne7 12. Nxe5 O-O 13. Rad1 Nf5 14. Kc1 Nd6 15. Bd3 f6 16. Nc4 Bd7 17. Nxd6 cxd6 18. Rhe1 Rfe8 19. Kd2 Kf7 20. h4 Re5 21. c4 h6 22. f3 Rc8 23. g4 a5 24. b3 b6 25.
h5 Kf8 26. Rxe5 fxe5 27. Bf5 Bxf5 28. gxf5 Rc7 29. Kd3 Rf7 30. Ke4 a4 31. Rg1 axb3 32. axb3 b5 33. Rg6 bxc4 34. bxc4 Rd7 35. f6 gxf6 36. Rxf6+ Kg7 37. Rg6+ Kh7 38. f4 exf4 39. Kxf4 Rc7 40. Rxd6 Rxc4+ 41. Kf5 Rh4 42. Rd7+ Kg8 43.
Kg6 Rg4+ 44. Kxh6 Kf8 45. d6 Ke8 46. Rg7 Rd4 47. d7+ Kf8 48. Kh7 Rd6 49. d8=Q+ Rxd8 50. Rg8+ Ke7 51. Rxd8 Kxd8 52. Kg8 1-0

[Event "Early-Titled-Tuesday-Blitz-March-26-2024"]
[Site "Chess.com"]
[Date "2024.03.26"]
[Round "2"]
[White "MatthewG-p4p"]
[Black "Shahdad2007"]
[Result "0-1"]
[WhiteElo "2886"]
[BlackElo "2618"]
[TimeControl "180+1"]
[EndTime "8:17:51 PDT"]
[Termination "Shahdad2007 won by resignation"]

1. e4 d6 2. d4 Nf6 3. Nc3 g6 4.
g3 Bg7 5. Bg2 O-O 6. Nge2 c5 7.
d5 Na6 8. O-O Nc7 9. a4 a6 10.
h3 e6 11. dxe6 Bxe6 12. Bf4 Nfe8 13. Re1 b5 14. axb5 Nxb5 15. Qd3 Nec7 16. Red1 Nd4 17.
Nxd4 cxd4 18. Ne2 Nb5 19. Bd2 Qd7 20. Nf4 Rfc8 21. Nxe6 Qxe6 22. f4 Qc4 23. Rdc1 Ra7 24. Bf1 Qc5 25. Ra5 Qb6 26. Rca1 Rcc7 27. Qb3 d3+ 28.
Kg2 dxc2 29. Be3 Bd4 30. Bd2 Bg1 31. Qf3 Nd4 32. Qd3 Nb3 33. Qe2 Nxa1 34. Rxa1 Qxb2 35. Rc1 Bd4 36. e5 dxe5 37. fxe5 Bxe5 38. Bh6 Rc8 39.
Qe4 Qb7 40. Bd3 Qxe4+ 41. Bxe4 Rac7 42. Bd2 Bb2 0-1

[Event "Early-Titled-Tuesday-Blitz-March-26-2024"]
[Site "Chess.com"]
[Date "2024.03.26"]
[Round "2"]
[White "AryanTari"]
[Black "Yeritsyaan"]
[Result "1-0"]
[WhiteElo "3012"]
[BlackElo "2672"]
[TimeControl "180+1"]
[EndTime "8:17:52 PDT"]
[Termination "AryanTari won by resignation"]

1. e4 c6 2. Nf3 d5 3. d3 dxe4 4.
dxe4 Qxd1+ 5. Kxd1 Bg4 6. Nd2 Nd7 7. c3 e6 8. Be2 Bc5 9. Rf1 Ngf6 10. Kc2 O-O 11.
a4 a5 12. h3 Bh5 13. g4 Bg6 14. Bd3 Rfd8 15. Nh4 Ne5 16. Nxg6 Nxd3 17. Nh4 Bxf2 18. Nhf3 Be3 19. e5 Nxc1 20. Raxc1 Nd7 21. Rce1 Bxd2 22. Nxd2 Nc5 23. Nc4 Nxa4 24. Nd6 Rd7 25. g5 Nb6 26. h4 Nc8 27. Ne4 Rd5 28. Nd2 Ne7 29. Nc4 Rad8 30.
Nd6 R5xd6 31. exd6 Rxd6 32. Ra1 Rd5 33. b4 Nf5 34. Kb3 Nxh4 35. Rxa5 Rxa5 36. bxa5 Kf8 37. Kc4 Nf5 38. Rb1 Ke8 39. Kc5 h5 40. gxh6 gxh6 41. Rxb7 Ng3 42. a6 Ne4+ 43. Kxc6 1-0

[Event "Early-Titled-Tuesday-Blitz-March-26-2024"]
[Site "Chess.com"]
[Date "2024.03.26"]
[Round "2"]
[White "ChessLover0108"]
[Black "GlavkonVVS"]
[Result "1-0"]
[WhiteElo "2953"]
[BlackElo "2641"]
[TimeControl "180+1"]
[EndTime "8:17:52 PDT"]
[Termination "ChessLover0108 won by resignation"]

1. Nf3 Nf6 2. c4 c5 3. g3 Nc6 4. Bg2 d6 5. O-O e6 6. d4 cxd4 7. Nxd4 Bd7 8. b3 a6 9. Bb2 Be7 10. Nc3 Rc8 11. Rc1 O-O 12. Nc2 Qa5 13. a3 b5 14.
cxb5 axb5 15. b4 Qa6 16. Ne4 Nxe4 17. Bxe4 d5 18. Bg2 Rfd8 19. e4 dxe4 20. Bxe4 Be8 21. Qg4 Bf8 22. Ne3 f5 23. Nxf5 exf5 24. Qxf5 Bg6 25.
Qe6+ Bf7 26. Rxc6 Rxc6 27. Qxc6 Qxc6 28. Bxc6 Rd2 29. Bc1 Rc2 30. Bxb5 Ra2 31. h4 Be7 32. Re1 Kf8 33. Bf1 Bd5 34. b5 Bc5 35. Be3 Bxe3 36. Rxe3 Ra1 37. Rc3 Ke7 38. f4 Kd6 39.
Kf2 Ra2+ 40. Ke3 Bb7 41. Be2 h6 42. Bf3 Bxf3 43. Kxf3 Rb2 44. a4 Rb4 45. Ra3 Kc7 46. h5 Kb6 47. Kg4 Ka5 48. Kf5 Rc4 49. Kg6 Rc7 50. g4 Rb7 51. Ra1 Rb6+ 52. Kxg7 1-0

[Event "Early-Titled-Tuesday-Blitz-March-26-2024"]
[Site "Chess.com"]
[Date "2024.03.26"]
[Round "2"]
[White "Elsa167"]
[Black "a-z30"]
[Result "1-0"]
[WhiteElo "2830"]
[BlackElo "2435"]
[TimeControl "180+1"]
[EndTime "8:17:52 PDT"]
[Termination "Elsa167 won by resignation"]

1. b3 d6 2. Bb2 Nf6 3. d4 g6 4. Nf3 Bg7 5. g3 O-O 6. Bg2 c5 7. c4 Ne4 8. O-O Nc6 9. Nbd2 Bf5 10. Nh4 Nxd2 11. Qxd2 Bd7 12. d5 Bxb2 13. Qxb2 Na5 14.
e4 Rb8 15. Qc3 b5 16. Rfe1 bxc4 17. bxc4 Rb4 18. Bf1 f6 19. Rab1 Qb6 20. Rxb4 Qxb4 21. Qxb4 cxb4 22. Rb1 Rb8 23. Nf3 b3 24. Nd4 b2 25. Nb3 Nxb3 26. Rxb2 Ba4 27. Bd3 Rb6 28. axb3 Bxb3 29. c5 dxc5 30. d6 exd6 31. Rxb3 Rxb3 32. Bc4+ Kf8 33. Bxb3 Ke7 34. Kf1 Kd7 35. Ke2 Kc6 36. Bc4 Kb6 37. Kd3 Ka5 38. Bg8 h6 39. Kc4 g5 40. f4 Kb6 41. Kd5 a5 42. Kxd6 c4 43.
Bxc4 1-0

[Event "Early-Titled-Tuesday-Blitz-March-26-2024"]
[Site "Chess.com"]
[Date "2024.03.26"]
[Round "2"]
[White "Korchmar_Vasiliy"]
[Black "Msb2"]
[Result "0-1"]
[WhiteElo "2698"]
[BlackElo "3035"]
[TimeControl "180+1"]
[EndTime "8:17:53 PDT"]
[Termination "Msb2 won on time"]

1. Nf3 d5 2. g3 e6 3. Bg2 Nf6 4. d4 Bd6 5. O-O O-O 6. c4 Nc6 7. b3 dxc4 8. bxc4 e5 9. d5 Na5 10. Qc2 c6 11. c5 Bb8 12. d6 Nd7 13. Bg5 f6 14. Bd2 Kh8 15. Nh4 a6 16. Be4 g6 17.
Bxg6 hxg6 18. Qxg6 Qe8 19. Qh6+ Kg8 20. Nf5 Rf7 21.
Qg6+ Kh8 22. Bxa5 Nf8 23. Qh5+ Nh7 24. Nc3 Qe6 25. e4 Ba7 26. Bb6 Bxb6 27. cxb6 Bd7 28. Na4 Rg8 29. Nc5 Qe8 30. Nh6 Rfg7 31. Qxe8 Rxe8 32.
Nxd7 Rxd7 33. Rfd1 Ng5 34. Kg2 Nxe4 35. f3 Nc3 36.
Rd3 Nd5 37. Nf5 Nxb6 38. Rb1 Nc4 39. a4 b5 40. axb5 axb5 41. Ra1 Red8 42. Ra6 Nxd6 43. Nxd6 Rxd6 44. Rc3 b4 45. Rb3 c5 46. Ra5 Rc8 47. Kf2 Kg7 48. Ke3 Rb6 49. Ra4 Rcb8 50. Kd3 Rd6+ 51.
Kc4 Rc8 52. Ra7+ Kg6 53. h4 Rd4+ 54. Kb5 c4 55. Rxb4 c3 56. Rb1 Rb8+ 0-1

[Event "Early-Titled-Tuesday-Blitz-March-26-2024"]
[Site "Chess.com"]
[Date "2024.03.26"]
[Round "2"]
[White "rionelG"]
[Black "verrbaa"]
[Result "0-1"]
[WhiteElo "2209"]
[BlackElo "2500"]
[TimeControl "180+1"]
[EndTime "8:17:53 PDT"]
[Termination "verrbaa won on time"]

1. e4 c5 2. Nf3 e6 3. d4 cxd4 4. Nxd4 Nc6 5. Nc3 d6 6. g3 Nf6 7. Bg2 Bd7 8. O-O a6 9. Re1 Be7 10. Bg5 O-O 11. Nxc6 Bxc6 12. Qd2 Qc7 13. Rad1 Rfd8 14.
h3 b5 15. a3 Qb7 16. f3 Rac8 17.
Be3 d5 18. e5 Nd7 19. Bd4 b4 20. axb4 Qxb4 21. Nb1 Qb7 22. b3 Bc5 23. Kh2 Qb6 24. f4 a5 25. Bxc5 Qxc5 26. Rc1 Nb6 27. Nc3 d4 28. Ne4 Bxe4 29. Bxe4 g6 30. h4 Nd5 31. h5 Nc3 32. Qg2 Nxe4 33. Qxe4 Kg7 34.
h6+ Kxh6 35. Kg2 Kg7 36. Rh1 h5 37. g4 hxg4 0-1

[Event "Early-Titled-Tuesday-Blitz-March-26-2024"]
[Site "Chess.com"]
[Date "2024.03.26"]
[Round "2"]
[White "GaiozNigalidze"]
[Black "FairChess_on_YouTube"]
[Result "0-1"]
[WhiteElo "2722"]
[BlackElo "3137"]
[TimeControl "180+1"]
[EndTime "8:17:54 PDT"]
[Termination "FairChess_on_YouTube won by resignation"]

1. d4 Nf6 2. c4 e6 3. Nf3 b6 4. g3 Bb7 5. Bg2 Bb4+ 6. Bd2 a5 7. O-O O-O 8. Nc3 d6 9. Qc2 Nbd7 10. b3 Qc8 11.
Nb5 Be4 12. Qc1 Bxd2 13. Nxd2 Bxg2 14. Kxg2 Qb7+ 15. Nf3 a4 16. Nc3 axb3 17. axb3 Ne4 18. Qe3 Ndf6 19. Nxe4 Nxe4 20. Kg1 h6 21. Nd2 Nf6 22.
Qf3 Qxf3 23. Nxf3 Ne4 24. Rfc1 f5 25. Kf1 Kf7 26. Ke1 g5 27. Nd2 Nf6 28. h3 Ke7 29. Kd1 h5 30. e3 g4 31. h4 e5 32. Kc2 Ke6 33. Rxa8 Rxa8 34. Kb2 f4 35. exf4 exf4 36. Re1+ Kf5 37. Re7 Re8 38. Rxe8 Nxe8 39. Kc3 Nf6 40. Kd3 d5 41. cxd5 Nxd5 42. Nc4 Nf6 43. Nd2 b5 44. d5 Nxd5 45. Kd4 Nf6 46. Kc5 fxg3 47. fxg3 Ne4+ 48. Nxe4 Kxe4 49. Kxb5 Kf3 50.
Kc6 Kxg3 51. Kxc7 Kxh4 52. b4 g3 53. b5 g2 54. b6 g1=Q 0-1

[Event "Early-Titled-Tuesday-Blitz-March-26-2024"]
[Site "Chess.com"]
[Date "2024.03.26"]
[Round "2"]
[White "KVAIDAN"]
[Black "SaiAgni_98"]
[Result "1-0"]
[WhiteElo "2345"]
[BlackElo "2518"]
[TimeControl "180+1"]
[EndTime "8:17:54 PDT"]
[Termination "KVAIDAN won by resignation"]

1. f4 d5 2. Nf3 g6 3. e3 Bg7 4. Be2 Nf6 5. O-O O-O 6. d3 c5 7.
Kh1 Nc6 8. a4 Qc7 9. Nc3 Rd8 10.
Qe1 e5 11. Nb5 Qe7 12. fxe5 Nxe5 13. Nxe5 Qxe5 14. e4 dxe4 15. Bf4 Qxb2 16. Rb1 Qxc2 17. Rc1 Qxa4 18. dxe4 Bg4 19. Bg5 Bxe2 20. Qxe2 Qxe4 21. Qa2 Qd5 22. Qxd5 Nxd5 23. Bxd8 Rxd8 24. Rfd1 Bf6 25. Rxc5 Nb6 26. Rf1 a6 27. Nc3 Kg7 28. Ne4 Be7 29. Rc7 Rd7 30. Rc2 f5 31. Nc5 Bxc5 32. Rxc5 Na4 33. Rc8 b5 34. Ra8 Rd6 35. h3 Kf6 36.
Rc1 b4 37. Rb1 Rb6 38. Kg1 b3 39. Rc8 b2 40. Rc4 Nc3 41. Rxc3 a5 42. Ra3 Rb5 43.
Ra2 a4 44. Rbxb2 1-0

[Event "Early-Titled-Tuesday-Blitz-March-26-2024"]
[Site "Chess.com"]
[Date "2024.03.26"]
[Round "2"]
[White "KarolKacprzak"]
[Black "Polish_fighter3000"]
[Result "0-1"]
[WhiteElo "2716"]
[BlackElo "3113"]
[TimeControl "180+1"]
[EndTime "8:17:55 PDT"]
[Termination "Polish_fighter3000 won by resignation"]

1. e4 d5 2. exd5 Qxd5 3. d4 Nc6 4. Nf3 Bg4 5. Be2 O-O-O 6. Be3 e5 7. c3 exd4 8. cxd4 Qa5+ 9. Nc3 Nh6 10. h3 Bxf3 11.
Bxf3 Qa6 12. Be2 Qb6 13. d5 Qxb2 14. Rc1 Bb4 15. Bd2 Nd4 16. O-O Bxc3 17. Rxc3 Rxd5 18. Bc4 Qxd2 19. Qxd2 Nf3+ 20. Rxf3 Rxd2 21. Bxf7 Nxf7 22. Rxf7 Rd7 23. Rf3 Re8 24. Rc1 b6 25. Rc4 c5 26.
g4 Kb7 27. Kg2 Rc7 28. h4 b5 29.
Rc1 Re4 30. Kg3 c4 31. Rf4 Rxf4 32. Kxf4 b4 33. Ke4 Kb6 34. f4 Kc5 35. f5 a5 36.
g5 a4 37. f6 gxf6 38. gxf6 b3 39. axb3 axb3 40. Kf5 b2 41. Rf1 c3 42. Ke6 c2 43.
f7 Rxf7 44. Kxf7 c1=Q 45. Rxc1+ bxc1=Q 0-1

[Event "Early-Titled-Tuesday-Blitz-March-26-2024"]
[Site "Chess.com"]
[Date "2024.03.26"]
[Round "2"]
[White "xiaopang123"]
[Black "Andrei_Skvortsov"]
[Result "0-1"]
[WhiteElo "2186"]
[BlackElo "2730"]
[TimeControl "180+1"]
[EndTime "8:17:55 PDT"]
[Termination "Andrei_Skvortsov won by resignation"]

1. d4 g6 2. c4 Bg7 3. g3 e6 4. Bg2 d5 5. Nc3 Ne7 6. Nf3 O-O 7. O-O dxc4 8. Qa4 Nf5 9. Bg5 f6 10. Bf4 g5 11. e4 Nxd4 12. Nxd4 gxf4 13. Qxc4 fxg3 14.
Nxe6 gxh2+ 15. Kh1 Bxe6 16. Qxe6+ Kh8 17. Rad1 Qe8 18. Qh3 Nc6 19. Nd5 Qf7 20. Kxh2 Rae8 21. Rh1 Qe6 22. Qxe6 Rxe6 23. Nxc7 Re5 24. Kg1 f5 25.
exf5 Rfxf5 26. Kf1 Re7 27. Nd5 Ref7 28. f3 Rd7 29.
Ne3 Rff7 30. Rxd7 Rxd7 31. f4 Bxb2 32. Be4 Re7 33. Bxc6 bxc6 34. Nc4 Bd4 35. Rh6 c5 36. Kg2 Re2+ 37. Kf3 Rxa2 38. Ke4 Kg7 39. Rc6 Re2+ 40. Kf5 Re7 41. Nd6 h6 42. Rc8 Rd7 43. Ne8+ Kf7 44.
Nc7 Bf6 45. Ke4 Rd8 46. Rxd8 Bxd8 0-1

[Event "Early-Titled-Tuesday-Blitz-March-26-2024"]
[Site "Chess.com"]
[Date "2024.03.26"]
[Round "2"]
[White "MikeWizard"]
[Black "Savagelittlemole"]
[Result "0-1"]
[WhiteElo "2101"]
[BlackElo "2470"]
[TimeControl "180+1"]
[EndTime "8:17:55 PDT"]
[Termination "Savagelittlemole won on time"]

1. d4 Nf6 2. c4 c5 3. d5 e6 4. Nc3 exd5 5. cxd5 d6 6. Nf3 g6 7. h3 Bg7 8. Bf4 a6 9. a4 O-O 10. e3 Qe7 11. Qc2 Nbd7 12. a5 Nh5 13. Bg5 Bf6 14. Bxf6 Nhxf6 15. Bd3 Ne5 16. Nxe5 Qxe5 17. O-O Nxd5 18.
Nxd5 Qxd5 19. Rfd1 Qg5 20. Kh2 Be6 21. Be4 d5 22. f4 Qe7 23. Bxd5 Bxd5 24. Rxd5 Qxe3 25.
f5 Rac8 26. Rf1 Rfd8 27. Qd1 Qe8 28. f6 Rxd5 29. Qxd5 Qc6 30. Qg5 Qd6+ 31. Kh1 Rc6 32. h4 c4 33. Qh6 Qf8 34. Qg5 Rc5 35. Qe3 Rh5 36. g3 Rxa5 37. Rf4 Rc5 38. Re4 Rc8 39. Re7 Qd8 40. Qh6 Qf8 41. Qe3 b5 42. Kg2 h5 43.
Kh3 b4 44. Re5 Qd8 45. Re7 c3 0-1

[Event "Early-Titled-Tuesday-Blitz-March-26-2024"]
[Site "Chess.com"]
[Date "2024.03.26"]
[Round "2"]
[White "Ginger_GM"]
[Black "ActorXu"]
[Result "0-1"]
[WhiteElo "2575"]
[BlackElo "2853"]
[TimeControl "180+1"]
[EndTime "8:17:58 PDT"]
[Termination "ActorXu won by resignation"]

1. d4 Nf6 2. Bg5 d5 3. Bxf6 gxf6 4. c4 dxc4 5. e3 c5 6. d5 Nd7 7. Nc3 f5 8. Bxc4 Bg7 9. Nge2 O-O 10. Ng3 Nb6 11. Bb3 c4 12. Bc2 Bxc3+ 13. bxc3 Qxd5 14.
Qh5 Qe5 15. O-O e6 16. f4 Qxe3+ 17. Kh1 Qxc3 18. Rac1 Qf6 19. Qh3 Bd7 20. Nh5 Qh6 21.
Qh4 Kh8 22. Rf3 Bc6 23. Rh3 Rg8 24. Rg1 Rg6 25. Qf2 f6 26. Bd1 Rag8 27. Bf3 Bxf3 28.
Qxf3 Qf8 29. Qxb7 Rh6 30. Qc6 Qf7 31. Qc5 Rxh5 32. Re3 Rh6 33. Qd4 Qh5 34. h3 Qg6 35. Kh2 Nd5 36. Rf3 c3 37. Qc4 Qg7 38. Rff1 Rg6 39.
Rf2 Rg3 40. Qd4 Re3 41. Kh1 Rxh3+ 0-1

[Event "Early-Titled-Tuesday-Blitz-March-26-2024"]
[Site "Chess.com"]
[Date "2024.03.26"]
[Round "2"]
[White "HansOnTwitch"]
[Black "Incognito_Knight"]
[Result "1-0"]
[WhiteElo "3120"]
[BlackElo "2721"]
[TimeControl "180+1"]
[EndTime "8:18:00 PDT"]
[Termination "HansOnTwitch won on time"]

1. e4 c6 2. Nf3 d5 3. d3 g6 4. exd5 cxd5 5. d4 Nc6 6. c3 Bg7 7. Bd3 Nf6 8. O-O Bf5 9. Be2 e6 10. Nbd2 h5 11. Re1 O-O 12. Nf1 Ne4 13. Bd3 a6 14. a4 Rc8 15. Ng3 Nxg3 16. hxg3 Bxd3 17. Qxd3 Qd7 18. Bf4 Na5 19. Ne5 Qe8 20. g4 hxg4 21.
Nxg4 f5 22. Ne5 Nc4 23. Re2 Nxe5 24. Bxe5 Bxe5 25. Rxe5 Kf7 26. Rae1 Rc6 27. g3 Qd8 28. Kg2 Rh8 29. Qe3 Qf6 30. a5 g5 31. Rh1 Rxh1 32. Kxh1 Rc8 33. Kg1 Rh8 34. c4 f4 35. Qb3 Qh6 36.
Qxb7+ Kf6 37. Kf1 Qh1+ 38. Ke2 f3+ 39. Kd2 Qf1 40. Qd7 Qxf2+ 41. Kc3 1-0

[Event "Early-Titled-Tuesday-Blitz-March-26-2024"]
[Site "Chess.com"]
[Date "2024.03.26"]
[Round "2"]
[White "GeorgiosSouleidis"]
[Black "Bauman_Guy"]
[Result "0-1"]
[WhiteElo "2625"]
[BlackElo "2922"]
[TimeControl "180+1"]
[EndTime "8:18:01 PDT"]
[Termination "Bauman_Guy won on time"]

1. e4 c5 2. Be2 d6 3. d3 g6 4.
f4 Bg7 5. Nf3 Nc6 6. O-O Bg4 7.
c3 Nf6 8. Be3 O-O 9. h3 Bxf3 10.
Bxf3 Nd7 11. Na3 a6 12. Nc2 Rb8 13. Qd2 b5 14. a3 a5 15. d4 b4 16. axb4 axb4 17.
e5 Na5 18. Qe2 cxd4 19. cxd4 b3 20. Na3 e6 21. Rac1 d5 22. Qd2 Ra8 23. Be2 Nb6 24. Rc5 Na4 25. Rb5 Re8 26. g4 Bf8 27. f5 exf5 28.
gxf5 Qh4 29. Kh2 Bxa3 30. bxa3 Nc4 31. Bxc4 dxc4 32. Bg5 Qe4 33. Bf6 Qc2 34. Qxc2 bxc2 35. Rc1 Nc3 36. Rc5 Ne2 37. Rxc2 Nxd4 38. R2xc4 Nxf5 39.
a4 h6 40. a5 g5 41. Ra4 Re6 42. Rac4 Kh7 43. Ra4 Kg6 44. Kg2 Nh4+ 45. Kf2 Kf5 46. Ke3 Ng6 47. Kd4 Nf4 48. Kc4 Nxh3 0-1

[Event "Early-Titled-Tuesday-Blitz-March-26-2024"]
[Site "Chess.com"]
[Date "2024.03.26"]
[Round "2"]
[White "LiadCuba"]
[Black "Adar_07"]
[Result "1-0"]
[WhiteElo "2577"]
[BlackElo "2797"]
[TimeControl "180+1"]
[EndTime "8:18:02 PDT"]
[Termination "LiadCuba won by resignation"]

1. d4 Nf6 2. c4 e6 3. Nc3 Bb4 4.
f3 d5 5. a3 Be7 6. e4 dxe4 7.
fxe4 e5 8. d5 O-O 9. Bd3 Bc5 10.
Nf3 Ng4 11. Qe2 Bf2+ 12. Kd1 Bb6 13. Kc2 f5 14. Rf1 f4 15. h3 Ne3+ 16. Bxe3 Bxe3 17. Nxe5 Nd7 18. Ng4 Bd4 19. e5 Nc5 20. e6 Qe8 21. b3 c6 22. Rad1 cxd5 23. cxd5 Kh8 24. Ne4 Nxe6 25.
dxe6 Bxe6 26. Bc4 Bf5 27. Rxd4 Rd8 28. Rfd1 Rxd4 29. Rxd4 b5 30. Bd3 Qc6+ 31. Kb2 h5 32. Ne5 Qe6 33. Qxh5+ Kg8 34. Nf3 Rc8 35. Neg5 Qe3 36. Qf7+ Kh8 37. Qh5+ Kg8 38. Qf7+ Kh8 39. Qxf5 Qc1+ 40. Ka2 Rc2+ 41. Bxc2 Qxc2+ 42. Qxc2 1-0

[Event "Early-Titled-Tuesday-Blitz-March-26-2024"]
[Site "Chess.com"]
[Date "2024.03.26"]
[Round "2"]
[White "js20000"]
[Black "ACollins05"]
[Result "1-0"]
[WhiteElo "2788"]
[BlackElo "2501"]
[TimeControl "180+1"]
[EndTime "8:18:02 PDT"]
[Termination "js20000 won by resignation"]

1. d4 d5 2. Nf3 Nf6 3. Bf4 e6 4. e3 Bd6 5. Nbd2 O-O 6. Bxd6 Qxd6 7. c4 c6 8. Bd3 Nbd7 9. O-O e5 10. cxd5 Qxd5 11.
e4 Qe6 12. Bc4 Qe7 13. dxe5 Nxe5 14. Nxe5 Qxe5 15. Qc2 Rd8 16. Rfe1 Be6 17. Nf3 Qc5 18. Bb3 Qxc2 19. Bxc2 Bg4 20. Ne5 Rd2 21. Rac1 Rad8 22. Bb3 Be6 23. Bxe6 fxe6 24. Nc4 R2d4 25. f3 Kf7 26. Kf2 Ke7 27. Na5 R8d7 28. Nb3 Rb4 29. Re2 Rc7 30. Nc5 Nd7 31. Nd3 Rd4 32. Ke3 Rd6 33.
Rec2 b6 34. b4 c5 35. bxc5 Nxc5 36. Nxc5 Rdc6 37. Kd4 bxc5+ 38. Rxc5 Rd7+ 39. Ke5 Rb6 40. R1c2 Rb1 41. Rc6 Rb5+ 42. R2c5 Rxc5+ 43. Rxc5 Rd2 44. Rc7+ Kd8 45. Rxg7 Rxa2 46. Rxh7 a5 47. Rg7 a4 48. h4 a3 49. h5 Rc2 50. Ra7 a2 51. h6 Rxg2 52.
h7 Rh2 53. Rxa2 Rxh7 54. Ra8+ Kc7 55. Ra7+ Kb6 56. Rxh7 1-0

[Event "Early-Titled-Tuesday-Blitz-March-26-2024"]
[Site "Chess.com"]
[Date "2024.03.26"]
[Round "2"]
[White "InitiatingASC"]
[Black "chess_blitz00"]
[Result "0-1"]
[WhiteElo "2335"]
[BlackElo "2539"]
[TimeControl "180+1"]
[EndTime "8:18:02 PDT"]
[Termination "chess_blitz00 won on time"]

1. d4 d6 2. c4 e5 3. Nf3 Nc6 4. d5 Nce7 5. e4 f5 6. Bd3 Nf6 7. Nc3 g6 8. Bg5 Bg7 9. Qd2 O-O 10. O-O-O fxe4 11. Nxe4 Bf5 12. Rde1 Qd7 13. Nh4 Nxe4 14.
Bxe4 Bxe4 15. Rxe4 Nf5 16. Nxf5 gxf5 17. Rh4 Rf7 18.
Bh6 Bf6 19. Bg5 Bh8 20. Kb1 e4 21. Rc1 c5 22. dxc6 bxc6 23. Bf4 Rb8 24. Rc2 Rd8 25. Rh6 Rf6 26. Rxf6 Bxf6 27. Bg5 Qg7 28. Bxf6 Qxf6 29. Rc3 Rb8 30. Rg3+ Kf7 31. Qc3 Qxc3 32. Rxc3 Ke6 33. Kc2 Ke5 34. Rh3 Rb7 35. Rh5 Rg7 36. g3 Rf7 37. Kc3 d5 38. g4 d4+ 39.
Kd2 c5 40. a3 a5 41. b3 Ke6 42. gxf5+ Rxf5 43. Rxf5 Kxf5 44. b4 cxb4 0-1

[Event "Early-Titled-Tuesday-Blitz-March-26-2024"]
[Site "Chess.com"]
[Date "2024.03.26"]
[Round "2"]
[White "Durarbayli"]
[Black "Evandro_Barbosa"]
[Result "1-0"]
[WhiteElo "2920"]
[BlackElo "2621"]
[TimeControl "180+1"]
[EndTime "8:18:03 PDT"]
[Termination "Durarbayli won on time"]

1. e4 c5 2. Nf3 e6 3. d4 cxd4 4. Nxd4 Nc6 5. Nc3 Qc7 6. Be3 a6 7. Qf3 Bd6 8. O-O-O Be5 9. Nxc6 bxc6 10. Bd4 Nf6 11. Bxe5 Qxe5 12. Qg3 Qxg3 13. hxg3 d5 14. f3 h6 15. g4 Rg8 16. Bd3 a5 17. Na4 Nd7 18. c4 Bb7 19. Rhe1 Ke7 20. exd5 cxd5 21. cxd5 Bxd5 22. Nc3 Bc6 23. Be4 Rgc8 24. Kb1 Rab8 25. Re3 Nf6 26. Bxc6 Rxc6 27. Rd4 Rb4 28. Rdd3 g5 29. b3 Kf8 30. Kb2 Kg7 31. Re5 Ra6 32.
Kc2 Rb8 33. Rd4 Rc8 34. Rc4 Rxc4 35. bxc4 Nd7 36. Rb5 Rc6 37. Kd3 Nc5+ 38. Kd4 Nd7 39. c5 Nf6 40. Rxa5 Rc8 41. Nb5 Nd5 42. a4 Rd8 43.
Nd6 Rb8 44. Rb5 Ra8 45. a5 Kf6 46. Rb7 Ne7 47. Ne4+ 1-0

[Event "Early-Titled-Tuesday-Blitz-March-26-2024"]
[Site "Chess.com"]
[Date "2024.03.26"]
[Round "2"]
[White "deribas12345"]
[Black "KuzubovYuriy"]
[Result "0-1"]
[WhiteElo "2612"]
[BlackElo "2911"]
[TimeControl "180+1"]
[EndTime "8:18:04 PDT"]
[Termination "KuzubovYuriy won by resignation"]

1. d4 d5 2. c4 e6 3. Nc3 a6 4. cxd5 exd5 5. Nf3 c6 6. Bg5 Be7 7.
Bxe7 Nxe7 8. e3 Bf5 9. Bd3 Nd7 10. O-O O-O 11. a3 Nb6 12. Bxf5 Nxf5 13. Qd3 Nd6 14. b3 Qe7 15. Rfe1 Rfe8 16. a4 a5 17. Nd2 f5 18. Nf3 Nd7 19. Rab1 Ne4 20. Qc2 Ra6 21. Ne2 g5 22. Ng3 Rf8 23. Nd2 Nd6 24.
f3 Qg7 25. Kh1 Raa8 26. e4 f4 27. Ne2 Rae8 28. e5 Nf5 29. Nf1 g4 30. Rbd1 Nh4 31.
Ng1 Kh8 32. fxg4 Qxg4 33. h3 Qg7 34. Qf2 Qh6 35. Nf3 Nf5 36. Rd3 Rg8 37. N3d2 Nf8 38. Nh2 Ng3+ 39. Kg1 Ne6 40. Ndf1 Ref8 41. Ng4 Rxg4 42.
Nh2 Rgg8 0-1